 Dungeon Crawl Stone Soup version 0.23-a0-767-gdc19b93d68 (webtiles) character file.

37 Hercules1031 the Ducker (level 3, 0/19 HPs)
             Began as a Spriggan Monk on Jan 27, 2019.
             Slain by a gnoll
             ... wielding a +0 club
              (8 damage)
             ... on level 2 of the Dungeon.
             The game lasted 00:02:51 (1172 turns).

Hercules1031 the Ducker (Spriggan Monk)             Turns: 1172, Time: 00:02:51

Health: 0/19       AC:  2    Str:  7    XL:     3   Next: 21%
Magic:  4/4        EV: 27    Int: 11    God:
Gold:   57         SH:  0    Dex: 24    Spells: 2/2 levels left

rFire    . . .     SeeInvis +   a - +0 short sword
rCold    . . .     Gourm    .   (shield restricted)
rNeg     . . .     Faith    .   b - +0 robe
rPois    .         Spirit   .   (helmet restricted)
rElec    .         Reflect  .   (no cloak)
rCorr    .         Harm     .   (gloves unavailable)
MR       .....                  (boots unavailable)
Stlth    ++++......             (no amulet)
HPRegen  0.06/turn              (no ring)
MPRegen  0.09/turn              (no ring)

@: agile, flying, very quick
A: very small, unfitting armour, see invisible, herbivore, speed 3, slow
metabolism 2
a: no special abilities


You were on level 2 of the Dungeon.
You were not hungry.

You visited 1 branch of the dungeon, and saw 2 of its levels.

You collected 57 gold pieces.

Inventory:

Hand Weapons
 a - a +0 short sword (weapon)
Armour
 b - a +0 robe (worn)
Jewellery
 j - an uncursed ring of protection from cold {unknown}
Scrolls
 e - a scroll of magic mapping {unknown}
 f - a scroll of amnesia {unknown}
 h - a scroll of fog {unknown}
 m - a scroll of identify {unknown}
Potions
 i - a potion of curing {unknown}
 k - a potion of might
 l - a potion of brilliance {unknown}
Comestibles
 c - 5 rations


   Skills:
 * Level 2.9 Fighting
 + Level 3.6 Short Blades
 + Level 4.8 Dodging
 + Level 3.7 Stealth


You had 2 spell levels left.
You didn't know any spells.
Your spell library was empty.

Dungeon Overview and Level Annotations

Branches:
Dungeon (2/15)

Altars:


Innate Abilities, Weirdness & Mutations

You are very small and have problems with some larger weapons.
You are too small for most types of armour.
You have supernaturally acute eyesight. (SInv)
You are a herbivore.
You cover ground extremely quickly.
You need to consume almost no food.


Message History

You feel agile all of a sudden. The gnoll completely misses you.
The gnoll misses you. The gnoll completely misses you.
You hit the gnoll but do no damage.
The gnoll is moderately wounded.
The gnoll completely misses you. x3
You closely miss the gnoll.
The gnoll is moderately wounded.
The gnoll hits you. The gnoll completely misses you. The gnoll misses you.
You hit the gnoll.
The gnoll is heavily wounded.
The gnoll closely misses you. The gnoll completely misses you.
You closely miss the gnoll.
The gnoll is heavily wounded.
The gnoll barely misses you. The gnoll completely misses you.
The gnoll misses you.
You hit the gnoll but do no damage.
The gnoll is heavily wounded.
The gnoll hits you with a +0 club!
You die...

....#...........
....#..........#### .#
....#.#........#... #..#
............#..#.##.#..#
###.#.#......$.........#
#.#.......#.#..##.#.##
###.#.#.................
...............$.g....##
###.###.........@g.....#
...# #...#†#....g......
###....................#
####..#.#...........
#...............#
#.#..#.#........#
#.#....#........# .
.............## ## ##.#
..


You could see 3 gnolls.

Vanquished Creatures
  An adder (D:2)
  A worm (D:2)
  A goblin (D:1)
  6 hobgoblins
  4 jackals (D:1)
  2 kobolds (D:1)
  4 bats
  2 frilled lizards
  3 rats
24 creatures vanquished.

Notes
Turn   | Place    | Note
-------+----------+-------------------------------------------
     0 | D:1      | Hercules1031 the Spriggan Monk began the quest for the Orb.
     0 | D:1      | Reached XP level 1. HP: 11/11 MP: 2/2
   132 | D:1      | Reached XP level 2. HP: 15/16 MP: 3/3
   964 | D:2      | Reached XP level 3. HP: 19/19 MP: 4/4
  1172 | D:2      | Slain by a gnoll

Vault maps used:
D:1:      dpeg_arrival_chase, item_on_display_a
D:2:      corexii_item_surrounded_by_moat, grunt_decor_mini_mirrors,
          minmay_misc_feat_doors

Action                   || total
-------------------------++-------
Melee: Short sword       ||   100
  Use: Potion            ||     2
 Stab: Sleeping          ||    11
Armor: Robe              ||     8
Dodge: Dodged            ||    84

Table legend:
 A = Non-vault XP
 B = Vault XP
 C = Vault XP percentage of total XP
 D = Non-vault monster count
 E = Vault monster count
 F = Vault count percentage of total count
                 A         B        C        D         E       F
            +---------+---------+-------+---------+---------+-------
      Total |      53 |       0 |   0.0 |      24 |       0 |   0.0
            +---------+---------+-------+---------+---------+-------
        D:1 |      24 |       0 |   0.0 |      15 |       0 |   0.0
        D:2 |      29 |       0 |   0.0 |       9 |       0 |   0.0
            +---------+---------+-------+---------+---------+-------
